AoeStats
← El-Kiody

MegaRandom

509954748Analyzed
2v2 RM · 2d ago on Sep 28, 2026· 78m 12s· 4 players
Game mode
Random Map
Map size
Medium (4 player)
Population
200
Speed
Normal
Resources
Standard
Victory
Conquest
Starting age
Dark Age
Ending age
Imperial Age
RankedLock teamsTeams togetherTeam positionsShared explorationLock speedFull tech treeHidden civsTurbo modeCheats
Victory
Defeat
🇺🇸 Danes · United States
584
+6
🇺🇸 Gurjaras · United States
579
+6
🇮🇹 Spanish · Italy
430
-8
🇦🇺 Japanese · Australia
228
-4
El-Kiody
5:13 Loom
10:47 Feudal Age
11:23 Double-Bit Axe
13:06 Wheelbarrow
13:58 Town Watch
15:56 Stone Mining
15:57 Gold Mining
19:32 Scale Mail Armor
22:35 Horse Collar
25:34 Castle Age
24:58 Fletching
26:41 Bow Saw
26:36 Heavy Plow
29:52 Fishing Lines
31:31 Fervor
33:10 Hand Cart
34:27 Ballistics
34:04 Murder Holes
34:19 Elite Skirmisher
36:28 Inquisition
36:03 Pikeman
36:44 Squires
36:30 Gambesons
38:41 Stone Shaft Mining
38:28 Scale Barding Armor
38:33 Forging
41:46 Fletching
41:57 Padded Archer Armor
42:19 Chain Barding Armor
42:09 Forging
46:09 Fortified Wall
45:50 Guard Tower
47:14 Iron Casting
46:35 Bodkin Arrow
46:56 Leather Archer Armor
50:04 Caravan
53:09 Imperial Age
54:03 Medium Warships
54:09 Clinker Construction
54:44 Elite Conquistador
55:53 Conscription
56:05 Thumb Ring
72:22 Chemistry
71:38 Halberdier
76:29 Two-Man Saw
NATO♥ ҉
0:48 Loom
15:56 Feudal Age
18:55 Wheelbarrow
18:06 Town Watch
18:14 Double-Bit Axe
28:08 Castle Age
27:21 Bloodlines
28:25 Arson
30:32 Pikeman
31:55 Hand Cart
34:33 Town Patrol
34:58 Caravan
41:09 Bow Saw
44:00 Yasama
44:55 Man-at-Arms
45:36 Squires
45:23 Gambesons
51:50 Imperial Age
51:34 Ballistics
51:07 Guard Tower
51:53 Murder Holes
54:16 Elite Samurai
55:25 Kataparuto
55:51 Hoardings
74:43 Chemistry
THESHIP48
12:57 Feudal Age
15:01 Wheelbarrow
14:14 Double-Bit Axe
14:13 Horse Collar
19:32 Stone Mining
19:35 Gold Mining
22:13 Castle Age
25:01 Hand Cart
24:55 Heavy Plow
25:15 Bow Saw
25:45 Gold Shaft Mining
25:51 Stone Shaft Mining
26:48 Coinage
26:56 Caravan
48:05 Kshatriyas
50:48 Imperial Age
50:07 Ballistics
49:44 Murder Holes
50:01 Masonry
49:42 Heated Shot
49:35 Treadmill Crane
49:46 Heated Shot
49:49 Guard Tower
52:18 Crop Rotation
52:02 Forging
51:57 Scale Barding Armor
51:53 Scale Mail Armor
52:28 Banking
53:03 Chemistry
53:56 Iron Casting
52:55 Elite Chakram Thrower
53:58 Frontier Guards
54:27 Arson
54:11 Heavy Camel Rider
54:51 Husbandry
55:02 Bloodlines
54:13 Elite Shrivamsha Rider
56:09 Chain Barding Armor
56:05 Chain Mail Armor
58:24 Architecture
63:28 Fletching
63:39 Padded Archer Armor
64:09 Plate Mail Armor
64:18 Plate Barding Armor
63:47 Padded Archer Armor
Bip0lar3xpress
7:29 Loom
13:49 Feudal Age
14:23 Double-Bit Axe
14:24 Horse Collar
14:38 Gold Mining
14:39 Stone Mining
15:59 Man-at-Arms
16:26 Arson
22:27 Castle Age
21:06 Wheelbarrow
23:20 Crossbowman
24:08 Thumb Ring
30:34 Masonry
30:45 Ballistics
30:40 Squires
30:25 Gambesons
31:54 Long Swordsman
34:50 Heavy Plow
35:38 Stone Shaft Mining
35:21 Bow Saw
35:19 Caravan
35:42 Forging
35:53 Scale Mail Armor
36:50 Hamask
39:09 Hand Cart
39:14 Pikeman
40:53 Iron Casting
42:20 Chain Mail Armor
42:12 Scale Barding Armor
41:58 Fletching
42:09 Padded Archer Armor
46:52 Imperial Age
47:42 Chain Barding Armor
47:18 Bodkin Arrow
47:39 Leather Archer Armor
48:33 Blast Furnace
48:03 Plate Mail Armor
48:21 Gold Shaft Mining
48:25 Heavy Scorpion
48:53 Cranequins
49:14 Two-Handed Swordsman
52:40 Coinage
53:43 Plate Barding Armor
53:08 Bracer
53:39 Ring Archer Armor
53:11 Champion
55:48 Heavy Mounted Crossbowman
58:11 Onager
58:18 Elite Skirmisher
61:28 Husbandry
61:39 Bloodlines
60:50 Light Cavalry
62:16 Banking
61:57 Siege Onager
62:32 Northmen's Fury
63:38 Conscription
63:55 Hoardings
67:19 Elite Jomsviking
76:57 Elite Varangian Guard
77:00 Halberdier
Connection lost

Rejoining the realm…

Still unreachable

The connection could not be restored.

Session expired

The server has moved on; the page needs a fresh start.